 Dungeon Crawl Stone Soup version 0.23.1 (webtiles) character file.

Game seed: 899567628551248763

95 Kairos the Skirmisher (level 4, -2/37 HPs)
             Began as a Formicid Abyssal Knight on Mar 3, 2019.
             Was a Follower of Lugonu.
             Slain by Natasha (6 damage)
             ... on level 2 of the Dungeon.
             The game lasted 00:03:54 (1888 turns).

Kairos the Skirmisher (Formicid Abyssal Knight)     Turns: 1888, Time: 00:03:54

Health: -2/37      AC:  3    Str: 21    XL:     4   Next: 95%
Magic:  5/5        EV: 11    Int: 13    God:    Lugonu [*.....]
Gold:   49         SH:  0    Dex: 10    Spells: 3/3 levels left

rFire    . . .     SeeInvis +   h - +0 quarterstaff
rCold    . . .     Gourm    .   (no shield)
rNeg     . . .     Faith    .   b - +0 leather armour
rPois    .         Spirit   .   (helmet unavailable)
rElec    .         Reflect  .   (no cloak)
rCorr    .         Harm     .   (no gloves)
MR       .....                  (no boots)
Stlth    +++.......             q - amulet of regeneration
HPRegen  0.52/turn              f - ring of Usou {Str+3 Int+2 Stlth+}
MPRegen  0.09/turn              (no ring)

@: no status effects
A: permanent stasis, dig shafts and tunnels, four strong arms, antennae 3
a: Dig, Shaft Self, Depart the Abyss, Renounce Religion


You were on level 2 of the Dungeon.
You worshipped Lugonu.
Lugonu was aware of your devotion.
You were not hungry.

You visited 1 branch of the dungeon, and saw 2 of its levels.
You visited the Abyss 1 time.

You collected 49 gold pieces.

Inventory:

Hand Weapons
 a - a +1 hand axe
 g - a +0 glaive
 h - a +0 quarterstaff (weapon)
Missiles
 d - a throwing net (quivered)
Armour
 b - a +0 leather armour (worn)
Jewellery
 f - the ring of Usou (left hand) {Str+3 Int+2 Stlth+}
   (You found it on level 2 of the Abyss)

   [ring of stealth]

   It affects your strength (+3).
   It affects your intelligence (+2).
   It makes you more stealthy.
 q - an amulet of regeneration (around neck)
Wands
 e - a wand of iceblast (12)
Scrolls
 i - a scroll of teleportation {unknown}
 k - a scroll of noise {unknown}
 l - 2 scrolls of amnesia {unknown}
 n - a scroll of fog {unknown}
 o - a scroll of fear {unknown}
 p - a scroll of immolation {unknown}
Potions
 j - a potion of agility
 m - 3 potions of might
Comestibles
 c - 3 rations


   Skills:
 + Level 3.8 Fighting
 + Level 2.2 Axes
 + Level 1.9 Staves
 + Level 2.5 Armour
 + Level 1.1 Dodging
 + Level 2.6 Stealth
 + Level 2.6 Invocations


You had 3 spell levels left.
You didn't know any spells.
Your spell library was empty.

Dungeon Overview and Level Annotations

Branches:
Dungeon (2/15)

Altars:

Annotations:
D:2 Natasha, Robin


Innate Abilities, Weirdness & Mutations

You cannot be hasted, slowed, berserked, paralysed or teleported.
You can dig through walls and to a lower floor.
Your four strong arms can wield two-handed weapons with a shield.
You have a pair of large antennae on your head. (SInv)


Message History

Natasha is almost dead.
Natasha stares at you and mumbles some strange words.
The magic dart hits you!
* * * LOW HITPOINT WARNING * * *
The shadow imp closely misses you. Natasha claws you!
* * * LOW HITPOINT WARNING * * *
The shadow imp gestures at you.
You barely resist.
It was a potion of haste.
Your stasis prevents you from being hasted.
Natasha closely misses you. The shadow imp gestures at you.
You barely resist. You closely miss Natasha.
Natasha is almost dead.
Natasha misses you. The shadow imp misses you.
You barely miss Natasha.
Natasha is almost dead.
Natasha claws you.
You die...

............# #.# #.
#..#.#####.### #.#
#. #..#. #.....#
##.###. #.
#.###.###.####...##.
# #...).#
.......(##.
#####.###.####...##.
#.....# ######.
##..#######.### #.
.....5h@5...# #.
..<.######### #. #
#. #. #. #. #######.
........ #######.


You could see Natasha, a white imp and a shadow imp.

Vanquished Creatures
  Jessica (D:2)
  3 adders (D:2)
  2 dart slugs (D:1)
  2 leopard geckos
  2 bats (D:1)
  A giant cockroach (D:1)
  6 hobgoblins
  3 jackals (D:1)
  2 kobolds
  A ball python (D:1)
  3 frilled lizards
  6 goblins
  4 rats (D:1)
36 creatures vanquished.

Vanquished Creatures (others)
  2 starspawn tentacles (Abyss:2)
2 creatures vanquished.

Grand Total: 38 creatures vanquished

Notes
Turn   | Place    | Note
-------+----------+-------------------------------------------
     0 | Abyss:1  | Kairos the Formicid Abyssal Knight began the quest for the
                  | Orb.
     0 | Abyss:1  | Reached XP level 1. HP: 18/18 MP: 2/2
    27 | Abyss:2  | Got a crude silver ring
    75 | Abyss:2  | Noticed a tentacled starspawn
    81 | Abyss:2  | Noticed an eye of draining
    83 | D:1      | Escaped the Abyss
   123 | D:1      | Identified the ring of Usou {Str+3 Int+2 Stlth+} (You found
                  | it on level 2 of the Abyss)
   358 | D:1      | Reached XP level 2. HP: 24/24 MP: 3/3
   568 | D:1      | Reached * piety under Lugonu
   933 | D:1      | Reached XP level 3. HP: 25/30 MP: 4/4
   946 | D:1      | Reached skill level 1 in Dodging
   977 | D:1      | Reached skill level 1 in Stealth
  1042 | D:1      | Reached skill level 1 in Staves
  1561 | D:2      | Reached XP level 4. HP: 33/37 MP: 5/5
  1595 | D:2      | Noticed Robin
  1813 | D:2      | Noticed Jessica
  1820 | D:2      | Killed Jessica
  1874 | D:2      | Noticed Natasha
  1888 | D:2      | Slain by Natasha

Skill      XL: |  1  2  3  4 |
---------------+-------------+-----
Dodging        | 1 |  1.1
Stealth        | 1 2 |  2.6
Staves         | 1 |  1.9
Fighting       | |  3.8
Axes           | |  2.2
Armour         | |  2.5
Invocations    | |  2.6

Action                   |  1- 3 |  4- 6 || total
-------------------------+-------+-------++-------
Melee: Hand axe          |    11 |       ||    11
       Quarterstaff      |    78 |    26 ||   104
Invok: Depart the Abyss  |     1 |       ||     1
  Use: Scroll            |     2 |       ||     2
       Potion            |       |     1 ||     1
 Stab: Sleeping          |    12 |     1 ||    13
       Distracted        |       |     1 ||     1
  Eat: Ration            |       |     1 ||     1
Armor: Leather armour    |    18 |     4 ||    22
Dodge: Dodged            |    59 |    16 ||    75
